 Dungeon Crawl Stone Soup version 0.31-a0-986-g5e6e4ef867 (webtiles) character file.

Game seed: 8273132621405704646

97 FakeRyeBread the Cudgeller (level 4, -3/32 HPs)
             Began as a Gargoyle Fighter on Nov 8, 2023.
             Slain by an orc priest
             ... wielding a +0 flail
              (7 damage)
             ... on level 3 of the Dungeon.
             The game lasted 00:04:30 (1931 turns).

FakeRyeBread the Cudgeller (Gargoyle Fighter)       Turns: 1931, Time: 00:04:30

Health: -3/32      AC: 14    Str: 21    XL:     4   Next: 68%
Magic:  4/4        EV: 10    Int:  9    God:
Gold:   89         SH:  5    Dex:  9    Spells: 3/3 levels left

rFire   . . .        a - +0 flail
rCold   . . .        c - +0 buckler
rNeg    + . .        j - +4 ring mail
rPois   ∞            (no helmet)
rElec   +            (no cloak)
rCorr   .            (no gloves)
SInv    .            (no boots)
Will    .....        (no amulet) Stlth
                     (no ring)
HPRegen 0.25/turn    (no ring)
MPRegen 0.09/turn

%: no passive effects
@: no status effects
A: sickness immunity, AC +3, negative energy resistance 1, electricity
resistance, torment resistance 1, petrification resistance
a: no special abilities


You were on level 3 of the Dungeon.
You visited 1 branch of the dungeon, and saw 3 of its levels.

You collected 89 gold pieces.

Inventory:

Hand Weapons
 a - a +0 flail (weapon)
Armour
 c - a +0 buckler (worn)
 j - a +4 ring mail (worn)
Scrolls
 b - a scroll of amnesia
 i - a scroll of teleportation
Potions
 d - a potion of might
 e - a potion of experience
 f - a potion of lignification
 g - a potion of heal wounds
 h - 2 potions of attraction


   Skills:
 + Level 6.3 Fighting
 * Level 7.2 Maces & Flails
 + Level 6.3 Armour
 + Level 6.3 Shields


You had 3 spell levels left.
You didn't know any spells.
Your spell library contained the following spells:

 Spells                   Type           Power      Damage    Failure   Level
 Static Discharge         Conj/Air       0%         3-3/arc   75%         2
 Summon Lightning Spire   Summ/Air       0%         N/A       100%        4
 Spellforged Servitor     Conj/Summ      0%         N/A       100%        7


Dungeon Overview and Level Annotations

Branches:
Dungeon (3/15)

Altars:
Fedhas


Innate Abilities, Weirdness & Mutations

You are immune to sickness and miasma.
Your stone body is resilient. (AC +3)
You are immune to poison.
You resist negative energy. (rN+)
You are resistant to electric shocks. (rElec)
You are resistant to unholy torment.
You are immune to petrification.


Message History

Done exploring.
As you read the scroll of identify, it crumbles to dust.
h - 2 potions of attraction
As you read the scroll labelled APNOAPP JEOC, it crumbles to dust.
It is a scroll of amnesia.
You feel forgetful for a moment.
Search for what [? for help]? armor Search for what [Enter for "armor", or ? for help]? mace
There is an open door here.
Items here: ( ))).
You see here a +0 whip.
Things that are here:
a +0 club; 2 poisoned darts
There is a stone staircase leading down here.
You climb downwards.
The orc shouts!
The orc priest shouts! x2
There is a stone staircase leading up here.
Found 15 gold pieces.
The orc priest mumbles some strange prayers to Beogh against you.
Beogh smites you! The orc priest hits you with a +0 mace.
The orc priest calls down the wrath of Beogh upon you.
Beogh smites you!
A goblin comes into view. It is wielding a +0 dagger.
Found a runed whip.
The goblin shouts!
The orc priest looks braver for a moment.
The orc priest closely misses you.
You barely miss the orc priest.
The orc priest invokes the aid of Beogh against you.
Beogh smites you!
* * * LOW HITPOINT WARNING * * *
The orc priest closely misses you. The orc hits you but does no damage.
You barely miss the orc priest.
The orc priest hits you but does no damage.
The orc priest completely misses you. The orc barely misses you.
The orc priest barely misses you. The orc closely misses you.
The orc priest attacks as it pursues you!
The orc priest hits you with a +0 flail!
You die...

### .. $ #.#.
.. ## ...##
..##. #.#.#
....##...
#.#....#
#...#.<#
..####.#o@##
........oo###.)
.#.##..........
#..........
....g.......
#.#..........
#............
#............
.............


You could see 2 orc priests, an orc and a goblin.

Vanquished Creatures
  A worm (D:2)
  An endoplasm (D:1)
  2 giant cockroaches (D:1)
  8 goblins
  8 hobgoblins
  3 jackals (D:1)
  2 quokkas
  6 ball pythons
  8 bats
  3 frilled lizards (D:2)
  4 kobolds
  5 rats
51 creatures vanquished.

Notes
Turn   | Place    | Note
-------+----------+-------------------------------------------
     0 | D:1      | FakeRyeBread the Gargoyle Fighter began the quest for the
                  | Orb.
     0 | D:1      | Reached XP level 1. HP: 14/14 MP: 1/1
    89 | D:1      | Reached XP level 2. HP: 13/19 MP: 2/2
   316 | D:1      | Reached XP level 3. HP: 22/23 MP: 3/3
   868 | D:1      | Reached skill level 7 in Maces & Flails
   868 | D:1      | Reached XP level 4. HP: 32/32 MP: 4/4
   917 | D:2      | Identified the "Gogok"
  1488 | D:2      | Found a blossoming altar of Fedhas.
  1931 | D:3      | Slain by an orc priest

Illustrated notes

Levels and vault maps discovered:
D:1:      eino_arrival_druids_welcome, layout_basic, serial_corexii_hall,
          corexii_hall_statues_x, chequers_hall_statues_y,
          chequers_serial_rivers_micro_c, amcnicky_mini_rare_corridor_liquid
D:2:      layout_basic, basic_altar, minmay_pentomino_o2
D:3:      layout_rooms, general_overflow_altar, serial_shops,
          nicolae_shop_back_alley_shop,
          nicolae_shop_temple_entry_statues_fountains,
          nicolae_shop_tiny_real_fake_doors, hangedman_decor_lopped,
          minmay_mini_jars

Skill      XL: |  1  2  3 |
---------------+----------+-----
Fighting       | 6 |  6.3
Maces & Flails | 7 |  7.2
Armour         | 6 |  6.3
Shields        | 6 |  6.3

Action                     |  1- 3 |  4- 6 || total
---------------------------+-------+-------++-------
  Melee: Flail             |    85 |    52 ||   137
    Use: Scroll            |     3 |     3 ||     6
         Potion            |     1 |       ||     1
 Armour: Scale mail        |    73 |    19 ||    92
         Ring mail         |       |    16 ||    16
  Dodge: Dodged            |    46 |    31 ||    77
  Block: Buckler           |    15 |    14 ||    29

Table legend: (Time is in decaauts)
 A = Elapsed time spent in this place.
 B = Non-inter-level travel time spent in this place.
 C = Inter-level travel time spent in this place.
 D = Time resting spent in this place.
 E = Time spent auto-exploring this place.
 F = Levels seen in this place.
 G = Mean time per level.
                   A        B        C        D        E       F      G
               +--------+--------+--------+--------+--------+-----+--------+
         Total |   1959 |   1632 |    327 |      6 |   1193 |   3 |  653.0 |
       Dungeon |   1959 |   1632 |    327 |      6 |   1193 |   3 |  653.0 |
               +--------+--------+--------+--------+--------+-----+--------+

Top non-repeatable levels by time:
     D:2: 1009 daAuts
     D:1: 943 daAuts
     D:3: 7 daAuts
